 Dungeon Crawl Stone Soup version bcrawl-1.28.1b (webtiles) character file.

Game seed: 14603683319990702361

423179 Anmu the Grappler (level 10, -7/141 HPs)
             Began as a Troll Berserker on Jan 2, 2021.
             Was a High Priest of Trog.
             Mangled by an orc warrior
             ... wielding a +0 short sword
              (11 damage)
             ... on level 8 of the Dungeon.
             The game lasted 00:25:03 (7145 turns).

Anmu the Grappler (Troll Berserker)                 Turns: 7145, Time: 00:25:04

Health: -7/141     AC: 25    Str: 27    XL:     10   Next: 92%
Magic:  9/9        EV:  1    Int:  8    God:    Trog [*****.]
Gold:   776        SH:  0    Dex: 12    Spells: 9/9 levels left

rFire    . . .     SeeInvis .     - Branches (40.7)
rCold    . . .     Gourm    +   (no shield)
rNeg     + + +     Faith    .   (armour unavailable)
rPois    +         Spirit   .   (helmet currently unavailable)
rElec    .         Reflect  .   (cloak currently unavailable)
rCorr    .         Harm     .   (gloves unavailable)
MR       .....     NoTele   +   (boots unavailable)
Stlth    +.........             (no amulet)
HPRegen  0.73/turn              (no ring)
MPRegen  0.11/turn              A - ring "Wasesei" {+Fly Int+4}

@: tree-form (expiring), berserk cooldown, slowed, very slow
A: giant, almost no armour, fast metabolism 3, gourmand, regeneration 1, AC +8
a: Berserk, Trog's Hand, Brothers in Arms, Renounce Religion


You were on level 8 of the Dungeon.
You worshipped Trog.
Trog was extremely pleased with you.
You were very full.
You were a tree.
You visited 1 branch of the dungeon, and saw 8 of its levels.
You also visited: Sewer and Bailey.

You collected 776 gold pieces.

Inventory:

Missiles
 q - 227 poisoned tomahawks (quivered)
 r - 219 tomahawks of dispersal {=f}
Armour
 y - a +1 hat (melded)
 B - a +1 cloak (melded)
Jewellery
 A - the ring "Wasesei" (right branch) {+Fly Int+4}
   (You found it on level 6 of the Dungeon)

   [ring of flight]

   It affects your intelligence (+4).
   It lets you fly.
Wands
 t - a wand of digging (4)
 x - a wand of polymorph (11)
 z - a wand of acid (8)
Scrolls
 a - 2 scrolls of magic mapping
 c - a scroll of noise
 f - a scroll of amnesia
 g - 12 scrolls of identify
 h - 2 scrolls of enchant weapon
 m - 2 scrolls of remove curse
 o - a scroll of blinking
 s - a scroll of immolation
 w - a scroll of teleportation
Potions
 b - 6 potions of curing
 i - a potion of invisibility
 j - 3 potions of haste
 l - a potion of agility
 n - 2 potions of might
 p - 5 potions of flight
 u - 4 potions of heal wounds
 v - 2 potions of brilliance
Comestibles
 e - 15 rations {!d}


   Skills:
 + Level 4.7 Fighting
 + Level 6.9 Dodging
 + Level 13.9 Unarmed Combat
 + Level 0.5 Evocations


You had 9 spell levels left.
You didn't know any spells.
Your spell library was empty.

Dungeon Overview and Level Annotations

Branches:
Dungeon (8/12)             Temple (0/1) D:7            Lair (0/6) D:7
    Orc (0/1) D:8

Altars:
Nemelex Xobeh
Ru
Sif Muna
Trog
Yredelemnul

Shops:
D:6 :   D:7 }


Innate Abilities, Weirdness & Mutations

You cannot wear most types of armour.
((Your thick skin is tough. (AC +8)))
You are too large for most types of armour.
((You have claws for hands.))
Your metabolism is lightning-fast.
You like to eat raw meat.
Your natural rate of healing is unusually fast.


Message History

You barely miss the orc warrior.
The orc warrior is heavily wounded.
You barely miss the orc warrior.
The orc warrior is heavily wounded.
The orc warrior hits you with a +0 short sword.
* * * LOW HITPOINT WARNING * * *
The orc warrior hits you but does no damage.
You barely miss the orc warrior.
The orc warrior is heavily wounded.
Your transformation is almost over.
The orc warrior hits you but does no damage.
The orc warrior hits you from afar with a +0 glaive!
* * * LOW HITPOINT WARNING * * *
The orc priest calls down the wrath of Beogh upon you.
Beogh smites you!
* * * LOW HITPOINT WARNING * * *
You barely miss the orc warrior. You punch the orc warrior!
The orc warrior is almost dead.
The orc warrior hits you with a +0 short sword!
You die...

* *** *** ##* ***,***,*##.#*
,*,,,*,,.#...#* ###
,,,,,,,,......#* ############..
,,,,,,,,.....oo#####.......#.....
,,,,,,,,....oooo♣....#####.#.....
,*,,,*,,.#..$#######.# #.#.....
***,***8*##8** #.# #.#.....
*############ #.# ###'#.....
#..........# #.###.........
#..........# ######...#.........
#..........###......#+#.........
#...........##..................
#...........##.................#


You could see 2 orc warriors, an orc priest, an orc wizard and 2 orcs.

Vanquished Creatures
  Erica (D:8)
  A cyclops (D:8)
  An ugly thing (D:5)
  Grinder (D:6)
  A hippogriff (D:8)
  4 yaks (D:7)
  Eustachio (D:6)
  4 crocodiles (D:7)
  4 porcupines (D:7)
  A water moccasin (D:5)
  7 orc warriors
  3 sky beasts
  An ice beast (D:7)
  3 ogres
  4 centaurs
  4 big kobolds
  A wyvern zombie (D:8)
  6 scorpions
  6 killer bees (D:8)
  2 howler monkeys (D:5)
  3 crimson imps
  6 hounds
  2 centaur zombies
  A gnoll shaman (D:6)
  A bullfrog skeleton (D:7)
  2 centaur skeletons (D:8)
  6 orc priests
  3 iguanas
  A worker ant (D:5)
  6 orc wizards
  A worker ant zombie (D:8)
  7 gnolls
  4 river rats (Sewer)
  12 adders
  2 adder zombies (D:5)
  An adder skeleton (D:7)
  3 worms (D:3)
  7 leopard geckos
  33 orcs
  5 giant cockroaches
  10 goblins
  8 hobgoblins
  19 jackals
  2 quokkas
  4 ball pythons (Sewer)
  4 bats
  6 frilled lizards
  A jackal skeleton (D:5)
  51 kobolds
  24 rats
  A spectral orc (D:8)
292 creatures vanquished.

Vanquished Creatures (others)
  A fungus (D:7)
  10 plants (D:7)
11 creatures vanquished.

Grand Total: 303 creatures vanquished

Notes
Turn   | Place    | Note
-------+----------+-------------------------------------------
     0 | D:1      | Anmu the Troll Berserker began the quest for the Orb.
     0 | D:1      | Reached XP level 1. HP: 22/22 MP: 0/0
   225 | D:1      | Reached XP level 2. HP: 29/29 MP: 1/1
   728 | D:2      | Found a sparkling altar of Nemelex Xobeh.
   898 | D:2      | Reached ** piety under Trog
  1011 | D:2      | Reached XP level 3. HP: 36/36 MP: 2/2
  1116 | D:3      | Reached skill level 4 in Unarmed Combat
  1215 | D:3      | Gained mutation: Your natural rate of healing is unusually
                  | fast. [Troll growth]
  1215 | D:3      | Reached XP level 4. HP: 39/44 MP: 3/3
  1315 | D:3      | Found a shimmering blue altar of Sif Muna.
  1384 | D:3      | Reached XP level 5. HP: 32/53 MP: 4/4
  1979 | D:4      | Reached skill level 5 in Unarmed Combat
  2040 | D:4      | Reached XP level 6. HP: 61/61 MP: 5/5
  2114 | D:4      | Reached skill level 6 in Unarmed Combat
  2571 | D:5      | Entered Level 5 of the Dungeon
  2580 | D:5      | Reached XP level 7. HP: 48/67 MP: 6/6
  2592 | D:5      | Reached *** piety under Trog
  2689 | D:5      | Found a bloodstained altar of Trog.
  2702 | D:5      | Reached skill level 7 in Unarmed Combat
  2793 | D:5      | Noticed a brown ugly thing
  2806 | D:5      | Killed a brown ugly thing
  2807 | D:5      | Reached skill level 8 in Unarmed Combat
  2807 | D:5      | Reached XP level 8. HP: 42/78 MP: 7/7
  2844 | D:5      | Found a glowing drain.
  2853 | Sewer    | Entered a sewer
  3137 | Sewer    | Reached **** piety under Trog
  3600 | D:5      | Reached skill level 9 in Unarmed Combat
  4213 | D:6      | Noticed Eustachio
  4217 | D:6      | Killed Eustachio
  4218 | D:6      | Reached skill level 5 in Dodging
  4218 | D:6      | Reached skill level 10 in Unarmed Combat
  4271 | D:6      | Noticed Grinder
  4285 | D:6      | Killed Grinder
  4286 | D:6      | Reached XP level 9. HP: 69/84 MP: 8/8
  4305 | D:6      | HP: 1/84 [orc priest/divine providence (11)]
  4312 | D:6      | HP: 1/84 [something (6)]
  4630 | D:6      | Got a heavily runed jade ring
  4652 | D:6      | Identified the ring "Wasesei" {+Fly Int+4} (You found it on
                  | level 6 of the Dungeon)
  4699 | D:6      | Found Uneshre's Book Shop.
  4882 | D:7      | Reached skill level 11 in Unarmed Combat
  4920 | D:7      | Found Tuzovva's Gadget Shoppe.
  4985 | D:7      | Found a staircase to the Ecumenical Temple.
  5180 | D:7      | Reached ***** piety under Trog
  5213 | D:7      | Found a flagged portal.
  5224 | Bailey   | Entered a bailey
  5321 | Bailey   | Received a gift from Trog
  5418 | Bailey   | Reached skill level 12 in Unarmed Combat
  5701 | D:7      | Reached XP level 10. HP: 94/94 MP: 9/9
  5752 | D:7      | Found a staircase to the Lair.
  6483 | D:8      | Noticed a cyclops
  6490 | D:8      | Killed a cyclops
  6491 | D:8      | Reached skill level 13 in Unarmed Combat
  6787 | D:8      | Noticed Erica
  6793 | D:8      | Killed Erica
  6803 | D:8      | Found a basalt altar of Yredelemnul.
  6942 | D:8      | Found a sacrificial altar of Ru.
  7140 | D:8      | HP: 5/141 [orc priest/divine providence (12)]
  7145 | D:8      | Mangled by an orc warrior

Skill      XL: |  1  2  3  4  5  6  7  8  9 10 |
---------------+-------------------------------+-----
Unarmed Combat | 4 5 6 8 10 12 13 | 13.9
Fighting       | 3 4 |  4.7
Dodging        | 3 4 5 6 |  6.9
Evocations     | |  0.5

Action                   |  1- 3 |  4- 6 |  7- 9 | 10-12 || total
-------------------------+-------+-------+-------+-------++-------
Melee: Unarmed           |    90 |   111 |   362 |   152 ||   715
       Punch             |     1 |       |    10 |     8 ||    19
Invok: Berserk           |       |     4 |     6 |     4 ||    14
 Abil: Evoke Flight      |       |       |     4 |       ||     4
  Use: Scroll            |       |       |    10 |     4 ||    14
       Potion            |       |       |     5 |     6 ||    11
 Stab: Sleeping          |       |     2 |     1 |       ||     3
       Distracted        |       |       |     1 |       ||     1
       Paralysed         |       |       |       |     1 ||     1
  Eat: Chunk             |    15 |    13 |    31 |    15 ||    74
Armor: Skin              |    32 |    32 |   122 |    84 ||   270
Dodge: Dodged            |    43 |    58 |   197 |   100 ||   398
